 Dungeon Crawl Stone Soup version 0.19-a0-1170-g18f0c96 (webtiles) character file.

494 mimas the Skirmisher (level 6, -4/55 HPs)
             Began as a Minotaur Berserker on Aug 16, 2016.
             Was a Priest of Trog.
             Killed by divine providence
             ... invoked by an orc priest
              (15 damage)
             ... on level 4 of the Dungeon.
             The game lasted 00:26:54 (3254 turns).

mimas the Skirmisher (Minotaur Berserker)           Turns: 3254, Time: 00:26:55

Health: -4/55      AC:  7    Str: 22    XL:     6   Next: 92%
Magic:  5/5        EV: 11    Int:  4    God:    Trog [***...]
Gold:   91         SH:  0    Dex: 11    Spells: 0 memorised, 5 levels left

rFire  . . .     SeeInvis .     a - +0 mace
rCold  . . .     Gourm    .     j - +0 scale mail
rNeg   . . .     Faith    .     (no shield)
rPois  .         Spirit   .     (helmet restricted)
rElec  .         Dismiss  .     (no cloak)
rCorr  .         Reflect  .     (no gloves)
MR     .....     Harm     .     (no boots)
Stlth  ..........               (no amulet)
                                (no ring)
                                (no ring)

@: no status effects
A: retaliatory headbutt, horns 2
a: Berserk, Trog's Hand, Burn Spellbooks, Renounce Religion


You were on level 4 of the Dungeon.
You worshipped Trog.
Trog was most pleased with you.
You were hungry.

You visited 1 branch of the dungeon, and saw 4 of its levels.

You collected 181 gold pieces.
You spent 90 gold pieces at shops.

Inventory:

Hand Weapons
 a - a +0 mace (weapon)
 u - a +4 dagger
 B - a +0 giant spiked club
Missiles
 i - 112 stones (quivered)
 k - 44 bolts
 y - 7 poisoned needles
Armour
 j - a +0 scale mail (worn)
 D - the cursed +1 chain mail of the Evening {rElec rPois rC- Stlth+, unknown}
   (You found it on level 4 of the Dungeon)

   It makes you vulnerable to cold.
   It insulates you from electricity.
   It protects you from poison.
   It makes you more stealthy.
   It has a curse placed upon it.
Jewellery
 t - a +5 ring of intelligence {unknown}
 x - a cursed ring of teleportation {unknown}
Wands
 C - a wand of flame (21/48)
Scrolls
 h - 3 scrolls of teleportation
 m - a scroll of blinking {unknown}
 o - 5 scrolls of identify
 q - 2 scrolls of remove curse {unknown}
 r - a scroll of amnesia {unknown}
 v - a scroll of random uselessness {unknown}
Potions
 d - 2 potions of agility {unknown}
 f - 3 potions of ambrosia {unknown}
 g - a potion of cure mutation {unknown}
 l - a potion of might {unknown}
 n - 2 potions of magic {unknown}
 w - a potion of curing
 A - 2 potions of cancellation {unknown}
 E - 2 potions of heal wounds {unknown}
Comestibles
 b - a royal jelly
 c - 2 bread rations
 p - a slice of pizza
 z - 3 meat rations


   Skills:
 + Level 4.9 Fighting
 + Level 4.8 Maces & Flails
 + Level 3.8 Throwing
 + Level 4.9 Armour
 + Level 3.6 Dodging


You had 5 spell levels left.
You didn't know any spells.

Dungeon Overview and Level Annotations

Branches:
Dungeon (4/15)
 Temple: D:4-7

Altars:
Dithmenos
Gozag
Hepliaklqana
Makhleb
Nemelex Xobeh
Pakellas
Ru
Uskayaw
Zin

Shops:
D:3 *


Innate Abilities, Weirdness & Mutations

You reflexively headbutt those who attack you in melee.
You have a pair of horns on your head.


Message History

You throw a stone.
The stone hits the orc priest but does no damage.
The orc priest is moderately wounded.
You barely miss the orc priest. Your headbutt misses the orc priest.
The orc priest is moderately wounded.
The orc priest invokes the aid of Beogh against you.
Beogh smites you!
* * * LOW HITPOINT WARNING * * *
You feel better. The orc priest barely misses you.
You hit the orc priest.
The orc priest is severely wounded.
The orc priest calls down the wrath of Beogh upon you.
Beogh smites you!
* * * LOW HITPOINT WARNING * * *
The orc priest miscasts a cantrip.
The orc priest invokes the aid of Beogh against you.
You barely resist.
The orc priest invokes the aid of Beogh against you.
Beogh smites you!
You die...

#o# #.# #.##..##
#.# #.# #.##...#
#.# #. #.##.#.#
#.# #.#.. #o#
#.##. #.# #.##.
#.# #.###
#.#############.#
#
#.@.............#
#
#################
# #######
######......
###P...#......
#....P.##.....
###.P...P#.....
#.#P.....######
#.#####P.######


You could see an orc priest.

Vanquished Creatures
  An ogre (D:4)
  A centaur skeleton (D:4)
  A giant frog skeleton (D:4)
  An orc priest (D:4)
  2 orc wizards
  Ijyb (D:3)
  An iguana (D:4)
  A worker ant (D:4)
  A hound skeleton (D:4)
  A gnoll (D:4)
  7 adders
  An adder skeleton (D:4)
  4 worms
  10 giant geckos
  8 orcs
  7 bats
  A giant cockroach (D:4)
  8 goblins
  3 hobgoblins
  8 jackals
  2 quokkas
  4 giant newts
  6 kobolds
  10 rats
90 creatures vanquished.

Vanquished Creatures (others)
  A plant (D:4)
1 creature vanquished.

Grand Total: 91 creatures vanquished

Notes
Turn   | Place    | Note
-------+----------+-------------------------------------------
     0 | D:1      | mimas the Minotaur Berserker began the quest for the Orb.
     0 | D:1      | Reached XP level 1. HP: 19/19 MP: 0/0
   219 | D:1      | Reached XP level 2. HP: 27/27 MP: 1/1
   805 | D:2      | Reached XP level 3. HP: 21/33 MP: 2/2
   883 | D:2      | Found a sacrificial altar of Ru.
   916 | D:2      | Reached ** piety under Trog
   955 | D:2      | Found a burning altar of Makhleb.
   980 | D:2      | Reached skill level 1 in Throwing
  1309 | D:3      | Noticed Ijyb
  1318 | D:3      | Killed Ijyb
  1318 | D:3      | Reached XP level 4. HP: 41/41 MP: 3/3
  1339 | D:3      | Found an opulent altar of Gozag.
  1339 | D:3      | Found Gozag's Platinum Reserve.
  1389 | D:3      | Found a shadowy altar of Dithmenos.
  1586 | D:3      | Found a sparkling altar of Nemelex Xobeh.
  1587 | D:3      | Found an oddly glowing altar of Pakellas.
  1590 | D:3      | Found a hazy altar of Hepliaklqana.
  1861 | D:3      | Found a faded altar of an unknown god.
  1996 | D:3      | Reached XP level 5. HP: 45/47 MP: 4/4
  2405 | D:4      | Noticed an ogre
  2410 | D:4      | Killed an ogre
  2419 | D:4      | Found a hide-covered altar of Uskayaw.
  2440 | D:4      | Reached XP level 6. HP: 40/55 MP: 5/5
  2593 | D:4      | Got a smoking chain mail
  2863 | D:4      | Reached *** piety under Trog
  2971 | D:4      | Found Zin's Purification Station.
  2975 | D:4      | Found a glowing silver altar of Zin.
  2980 | D:4      | Bought a potion of curing for 90 gold pieces
  3254 | D:4      | Killed from afar by an orc priest

Vault maps used:
D:1:      lemuel_arrival_funnel
D:2:      nicolae_overflow_crystal_walls, nicolae_ru_sacrificial_ziggurat,
          minmay_pentomino_u2
D:3:      nicolae_gozag_zags_fifth_avenue, grunt_dithmenos_smoke_and_mirrors,
          grunt_temple_overflow_open, ecumenical_altar_1, minmay_cut_off,
          uniq_iyjb
D:4:      wad_river_or_something, zin_purify, marbit_many_paths,
          minmay_lizard_king

Skill      XL: |  1  2  3  4  5 |
---------------+----------------+-----
Fighting       | 4 |  4.9
Maces & Flails | 4 |  4.8
Throwing       | 1 2 3 |  3.8
Armour         | 3 4 |  4.9
Dodging        | 3 |  3.6

Action                   |  1- 3 |  4- 6 || total
-------------------------+-------+-------++-------
Melee: Mace              |    61 |   125 ||   186
       Headbutt          |     5 |    18 ||    23
Throw: Tomahawk          |    45 |    55 ||   100
       Stone             |       |     9 ||     9
Invok: Berserk           |     1 |       ||     1
  Use: Scroll            |       |     1 ||     1
       Potion            |       |     1 ||     1
  Eat: Chunk             |     2 |     6 ||     8
Armor: Animal skin       |     2 |       ||     2
       Scale mail        |    20 |    65 ||    85
Dodge: Dodged            |    50 |    91 ||   141
